 Dungeon Crawl Stone Soup version 0.19.1 (webtiles) character file.

1805 M4edhros the Martial Artist (level 9, -2/61 HPs)
             Began as an Octopode Necromancer on Dec 19, 2016.
             Was a Priest of Cheibriados.
             Killed from afar by Harold (26 damage)
             ... with a bolt of fire
             ... on level 10 of the Dungeon.
             The game lasted 00:20:38 (2515 turns).

M4edhros the Martial Artist (Octopode Necromancer)  Turns: 2515, Time: 00:20:38

Health: -2/61      AC:  1    Str: 17    XL:     9   Next: 9%
Magic:  6/12       EV: 18    Int: 24    God:    Cheibriados [***...]
Gold:   187        SH:  0    Dex: 21    Spells: 3 memorised, 7 levels left

rFire  . . .     SeeInvis .       - Unarmed
rCold  + . .     Gourm    .     (no shield)
rNeg   . . .     Faith    .     (helmet restricted)
rPois  +         Spirit   .     (no amulet)
rElec  .         Reflect  .     t - ring of protection from cold
rCorr  +         Harm     .     i - +4 ring of strength
MR     .....                    m - ring of poison resistance
Stlth  ++++......               n - ring of resist corrosion
                                (no ring)
                                (no ring)
                                (no ring)
                                (no ring)

@: lethally poisoned (-2 -> -2), about to teleport, regenerating, very slow
A: almost no armour, stealthy swim, amphibious, 8 rings, constrict 8, camouflage
1, gelatinous body 1
a: Bend Time, Temporal Distortion, Renounce Religion


You were on level 10 of the Dungeon.
You worshipped Cheibriados.
Cheibriados was most pleased with you.
You were not hungry.

You visited 1 branch of the dungeon, and saw 9 of its levels.

You collected 322 gold pieces.
You spent 135 gold pieces at shops.

Inventory:

Hand Weapons
 v - a +0 blowgun
Missiles
 d - 11 tomahawks (quivered)
 x - 12 poisoned needles
Jewellery
 i - a +4 ring of strength (right tentacle)
 m - a ring of poison resistance (on tentacle)
 n - a ring of resist corrosion (on tentacle)
 t - a ring of protection from cold (left tentacle)
Wands
 o - a wand of paralysis (11/24)
Scrolls
 c - 2 scrolls of immolation {unknown}
 e - 2 scrolls of amnesia {unknown}
 g - 2 scrolls of recharging {unknown}
 h - a scroll of teleportation
 k - a scroll of enchant weapon {unknown}
 q - 2 scrolls of random uselessness {unknown}
 r - a scroll of enchant armour {unknown}
 u - a scroll of remove curse {unknown}
 w - a scroll of noise {unknown}
Potions
 f - a potion of cure mutation
Books
 a - a book of Necromancy

   Spells                             Type                      Level
   a - Pain                           Necromancy                   1
   b - Animate Skeleton               Necromancy                   1
   c - Vampiric Draining              Necromancy                   3
   d - Regeneration                   Charms/Necromancy            3
   e - Animate Dead                   Necromancy                   4
   f - Control Undead                 Necromancy                   4
 s - a book of Maledictions

   Spells                             Type                      Level
   a - Corona                         Hexes                        1
   b - Ensorcelled Hibernation        Hexes/Ice                    2
   c - Confuse                        Hexes                        3
   d - Tukima's Dance                 Hexes                        3
   e - Dazzling Spray                 Conjuration/Hexes            3
Comestibles
 b - 3 bread rations
 j - a slice of pizza
 l - 3 fruits
 p - a meat ration


   Skills:
 + Level 5.2 Fighting
 + Level 5.7 Dodging
 - Level 2.6 Stealth
 + Level 8.4 Unarmed Combat
 - Level 2.0 Spellcasting
 - Level 4.0 Necromancy


You had 7 spell levels left.
You knew the following spells:

 Your Spells              Type           Power        Failure   Level  Hunger
a - Pain                  Necr           ###.         1%          1    #......
b - Animate Skeleton      Necr           N/A          1%          1    #......
c - Regeneration          Chrm/Necr      ##........   17%         3    ###....


Dungeon Overview and Level Annotations

Branches:
Dungeon (8/15)             Temple (0/1) D:5
   Lair: D:8-11

Altars:
Cheibriados
Gozag
Ru

Shops:
D:10 *

Annotations:
D:3 Sigmund
D:8 exclusions: obsidian statue and orange crystal statue
D:10 Harold


Innate Abilities, Weirdness & Mutations

You cannot wear most types of armour.
You are very stealthy in the water. (Stealth+)
You are amphibious.
You can wear up to eight rings at the same time.
You can use your tentacles to constrict eight enemies at once.
Your skin changes colour to match your surroundings (Stealth+).
Your rubbery body absorbs attacks. (AC +1, EV +1)


Message History

Okay, then.
Casting: Regeneration
Confirm with . or Enter, or press ? or * to list all spells.
Your skin crawls.
Harold casts a spell at you. The bolt of fire hits you!
Ouch! That really hurt!
The bolt of fire hits your big kobold skeleton.
Okay, then.
Evoke which item? (* to show all) (? for menu, Esc to quit)
Okay, then.
Okay, then.
As you read the scroll of teleportation, it crumbles to dust.
You feel strangely unstable.
You feel sick.
Harold throws a throwing net.
The throwing net misses you.
The throwing net closely misses your big kobold skeleton.
A hound comes into view.
Harold gestures at you while chanting. The bolt of fire hits you!
You die...

#####.. .. #......## ..
......... #. ........##.
.................
..@........@.Z.[#####
.....#....h........######
##.......###.@Z.##...(..#
K.K......####.Z........#
.K.....# ##(##......#
#.....# #.##......#
##..###.....# #..#......#
#...........# ##.#......#
.>..####..K(# #.%......#
.##.......### ##%#######
#####...### #.%..#


You could see Harold, a hound, 2 friendly kobold skeletons and a friendly big
kobold skeleton.

Vanquished Creatures
  2 ice beasts
  A phantom (D:6)
  2 ogres
  A big kobold (D:10)
  2 bullfrogs (D:7)
  A scorpion (D:7)
  3 howler monkeys
  A crimson imp (D:10)
  A hound (D:6)
  A centaur skeleton (D:6)
  4 orc priests (D:4)
  2 iguanas
  2 worker ants
  An orc wizard (D:7)
  4 adders
  2 shadow imps
  2 oozes
  2 worms
  A dart slug (D:4)
  A leopard gecko (D:5)
  17 orcs
  7 bats
  2 giant cockroaches (D:2)
  A goblin (D:3)
  5 hobgoblins
  6 jackals
  A quokka (D:4)
  2 ball pythons
  2 frilled lizards (D:2)
  A jackal skeleton (D:4)
  6 kobolds
  A leopard gecko zombie (D:4)
  5 rats
92 creatures vanquished.

Vanquished Creatures (collateral kills)
  Prince Ribbit (D:7)
  A scorpion (D:4)
  A hound skeleton (D:5)
  An orc (D:3)
  A jackal (D:4)
  A jackal skeleton (D:4)
6 creatures vanquished.

Vanquished Creatures (others)
  The ghost of asegelite the Zephyrmancer, a novice TeAE of Vehumet (D:7)
  An orc (D:7)
2 creatures vanquished.

Grand Total: 100 creatures vanquished

Notes
Turn   | Place    | Note
-------+----------+-------------------------------------------
     0 | D:1      | M4edhros the Octopode Necromancer began the quest for the Orb.
     0 | D:1      | Reached XP level 1. HP: 11/11 MP: 3/3
   181 | D:2      | Reached skill level 1 in Unarmed Combat
   251 | D:2      | Reached XP level 2. HP: 2/17 MP: 0/5
   294 | D:2      | Learned a level 1 spell: Animate Skeleton
   359 | D:2      | Reached skill level 2 in Unarmed Combat
   584 | D:2      | Reached XP level 3. HP: 6/21 MP: 1/6
   589 | D:2      | Learned a level 3 spell: Regeneration
   722 | D:2      | Found a snail-covered altar of Cheibriados.
   732 | D:2      | Became a worshipper of Cheibriados the Contemplative
   833 | D:3      | Noticed Sigmund
   867 | D:3      | Reached skill level 3 in Unarmed Combat
  1011 | D:3      | Reached XP level 4. HP: 9/27 MP: 4/7
  1235 | D:4      | Reached skill level 4 in Unarmed Combat
  1240 | D:4      | Reached * piety under Cheibriados
  1273 | D:4      | Reached XP level 5. HP: 15/31 MP: 2/8
  1366 | D:4      | Reached skill level 5 in Unarmed Combat
  1407 | D:4      | Reached XP level 6. HP: 29/36 MP: 2/9
  1484 | D:4      | Reached skill level 6 in Unarmed Combat
  1601 | D:4      | Reached ** piety under Cheibriados
  1634 | D:4      | Found an opulent altar of Gozag.
  1667 | D:5      | Entered Level 5 of the Dungeon
  1689 | D:5      | Reached skill level 1 in Fighting
  1689 | D:5      | Reached XP level 7. HP: 29/43 MP: 4/10
  1706 | D:5      | HP: 2/44 [something (5)]
  1786 | D:5      | Found a staircase to the Ecumenical Temple.
  1998 | D:6      | Reached skill level 7 in Unarmed Combat
  2068 | D:7      | Noticed Prince Ribbit
  2068 | D:7      | Reached XP level 8. HP: 52/52 MP: 3/11
  2077 | D:7      | Killed Prince Ribbit
  2095 | D:7      | Noticed asegelite's ghost (novice TeAE)
  2113 | D:7      | Killed asegelite's ghost
  2113 | D:7      | Reached skill level 5 in Dodging
  2113 | D:7      | Reached skill level 8 in Unarmed Combat
  2126 | D:7      | Found a sacrificial altar of Ru.
  2315 | D:8      | Reached *** piety under Cheibriados
  2317 | D:8      | Noticed an orange crystal statue
  2359 | D:8      | Noticed an obsidian statue
  2384 | D:8      | You fall through a shaft for 2 floors!
  2384 | D:10     | Entered Level 10 of the Dungeon
  2399 | D:10     | Found Tacis's Assorted Antiques.
  2409 | D:10     | Reached skill level 5 in Fighting
  2409 | D:10     | Reached XP level 9. HP: 40/61 MP: 7/12
  2431 | D:10     | Bought a runed ivory ring for 135 gold pieces
  2455 | D:10     | Noticed Harold
  2515 | D:10     | Killed from afar by Harold

Skill      XL: |  1  2  3  4  5  6  7  8 |
---------------+-------------------------+-----
Unarmed Combat | 1 2 3 4 5 6 7 8 |  8.4
Fighting       | 1 3 5 |  5.2
Dodging        | 3 5 |  5.7
Stealth        | |  2.6
Spellcasting   | |  2.0
Necromancy     | |  4.0

Action                   |  1- 3 |  4- 6 |  7- 9 || total
-------------------------+-------+-------+-------++-------
Melee: Unarmed           |    70 |    85 |    90 ||   245
       Constrict         |    18 |    26 |    13 ||    57
       Tentacles         |     9 |    20 |    27 ||    56
       Punch             |     1 |     4 |     3 ||     8
Throw: Tomahawk          |       |       |     3 ||     3
 Cast: Pain              |    25 |     8 |    10 ||    43
       Regeneration      |     5 |    11 |    14 ||    30
       Animate Skeleton  |     5 |     8 |     8 ||    21
  Use: Potion            |     1 |     3 |     7 ||    11
       Scroll            |       |     7 |     3 ||    10
 Stab: Sleeping          |     3 |     1 |     1 ||     5
       Distracted        |       |     1 |     2 ||     3
  Eat: Chunk             |     2 |     4 |       ||     6
       Meat ration       |       |       |     1 ||     1
Armor: Skin              |    14 |     5 |     5 ||    24
Dodge: Dodged            |    42 |    65 |    56 ||   163
